 Dungeon Crawl Stone Soup version 0.29-a0-284-gf9362112df (webtiles) character file.

Game seed: 5847221694080735128

78 bande the Covered (level 4, -2/29 HPs)
             Began as a Gargoyle Fighter on Mar 25, 2022.
             Frozen to death by an endoplasm (3 damage)
             ... on level 3 of the Dungeon.
             The game lasted 00:02:36 (1743 turns).

bande the Covered (Gargoyle Fighter)                Turns: 1743, Time: 00:02:36

Health: -2/29      AC: 14    Str: 19    XL:     4   Next: 36%
Magic:  0/4        EV:  7    Int:  9    God:
Gold:   105        SH:  4    Dex: 11    Spells: 3/3 levels left

rFire   . . .      SeeInvis .   a - +0 war axe
rCold   . . .      Faith    .   c - +0 buckler
rNeg    + . .      Spirit   +   i - +0 chain mail
rPois   ∞          Reflect  .   (no helmet)
rElec   +          Harm     .   (no cloak)
rCorr   .          Rampage  .   (no gloves)
Will    .....                   m - +0 pair of boots
Stlth   ..........              j - amulet of guardian spirit
HPRegen 0.09/turn               (no ring)
MPRegen 0.09/turn               (no ring)

@: no status effects
A: sickness immunity, AC +3, negative energy resistance 1, electricity
resistance, torment resistance 1, petrification resistance
a: no special abilities


You were on level 3 of the Dungeon.
You visited 1 branch of the dungeon, and saw 3 of its levels.

You collected 105 gold pieces.

Inventory:

Hand Weapons
 a - a +0 war axe (weapon)
Armour
 c - a +0 buckler (worn)
 i - a +0 chain mail (worn)
 m - a +0 pair of boots (worn)
Jewellery
 h - a ring of ice
 j - an amulet of guardian spirit (around neck)
Scrolls
 g - a scroll of enchant armour {unknown}
Potions
 b - a potion of brilliance
 d - a potion of might
 e - a potion of magic {unknown}
 f - a potion of cancellation {unknown}


   Skills:
 + Level 3.7 Fighting
 + Level 2.7 Axes
 + Level 4.0 Armour
 - Level 0.2 Dodging
 + Level 3.8 Shields


You had 3 spell levels left.
You didn't know any spells.
Your spell library contained the following spells:

 Spells                   Type           Power      Damage    Failure   Level
 Tukima's Dance           Hex            0%         N/A       100%        3
 Passage of Golubria      Tloc           0%         N/A       100%        4
 Yara's Violent Unravell  Hex/Tmut       0%         3d3       100%        5


Dungeon Overview and Level Annotations

Branches:
Dungeon (3/15)

Altars:
Xom

Annotations:
D:3 Robin


Innate Abilities, Weirdness & Mutations

You are immune to sickness and miasma.
Your stone body is resilient. (AC +3)
You are immune to poison.
You resist negative energy. (rN+)
You are resistant to electric shocks. (rElec)
You are resistant to unholy torment.
You are immune to petrification.


Message History

The hobgoblin hits you but does no damage.
The goblin hits you but does no damage. Robin hits you but does no damage.
You barely miss the kobold.
The kobold is severely wounded.
You hit Robin. You closely miss the goblin. You closely miss the adder.
You slash the hobgoblin!
You kill the hobgoblin!
The adder closely misses you. Robin hits you but does no damage.
The kobold hits you but does no damage. You block the goblin's attack.
You block the adder's attack.
You barely miss the kobold.
The kobold is severely wounded.
You hit the adder.
You kill the adder!
You hit the goblin.
You kill the goblin!
You hit Robin but do no damage. The kobold barely misses you.
Robin hits you but does no damage. The endoplasm freezes you.
You are frozen.
* * * LOW HITPOINT WARNING * * *
Robin hits you but does no damage. The kobold closely misses you.
Your Armour skill increases to level 4!
You hit the kobold but do no damage.
The kobold is severely wounded.
You closely miss Robin. You barely miss the endoplasm. The endoplasm hits you.
* * * LOW HITPOINT WARNING * * *
The kobold hits you but does no damage. Robin hits you but does no damage.
Unknown command.
You closely miss the kobold.
The kobold is severely wounded.
You hit the endoplasm. You barely miss Robin. The endoplasm freezes you.
You are frozen.
* * * LOW HITPOINT WARNING * * *
The kobold hits you but does no damage. Robin barely misses you.
Robin closely misses you. The endoplasm freezes you.
You are frozen.
You die...

#.... #######...###
......._...###
#...........#
##._......._.#
#............#
#............#
#.####gJ).........#
......K@)......._.#
......).).)....††.#
.......##.......####
....... ##......##..
#.########......##.#
# #........##.#
#...###..##[#
#........##.#
#........##.#


You could see Robin, an endoplasm and a kobold.

Vanquished Creatures
  2 adders (D:3)
  5 ball pythons
  6 bats
  8 endoplasms
  2 giant cockroaches (D:1)
  5 hobgoblins
  3 jackals (D:1)
  2 kobolds (D:1)
  2 quokkas
  2 frilled lizards (D:1)
  12 goblins
  3 rats
52 creatures vanquished.

Notes
Turn   | Place    | Note
-------+----------+-------------------------------------------
     0 | D:1      | bande the Gargoyle Fighter began the quest for the Orb.
     0 | D:1      | Reached XP level 1. HP: 14/14 MP: 1/1
   154 | D:1      | Reached XP level 2. HP: 19/19 MP: 2/2
   473 | D:1      | Reached XP level 3. HP: 23/23 MP: 3/3
  1664 | D:3      | Found a shimmering altar of Xom.
  1674 | D:3      | Found a shimmering altar of Xom.
  1674 | D:3      | Found a shimmering altar of Xom.
  1676 | D:3      | Found a shimmering altar of Xom.
  1678 | D:3      | Found a shimmering altar of Xom.
  1678 | D:3      | Found a shimmering altar of Xom.
  1710 | D:3      | Found a shimmering altar of Xom.
  1730 | D:3      | Noticed Robin
  1733 | D:3      | Reached XP level 4. HP: 28/29 MP: 4/4
  1742 | D:3      | Reached skill level 4 in Armour
  1743 | D:3      | HP: 1/29 [frozen (4)]
  1743 | D:3      | Frozen to death by an endoplasm

Illustrated notes

Levels and vault maps discovered:
D:1:      matt_arrival_diagonals, layout_basic
D:2:      layout_loops_ring, minmay_tiny_reverse_x
D:3:      layout_basic, nemelex_diamond_rough_becter, nicolae_xom_altar_mimics,
          kennysheep_vampire_church, kennysheep_generic_room_4, uniq_robin

Skill      XL: |  1  2  3  4 |
---------------+-------------+-----
Axes           | 2 |  2.7
Armour         | 4 |  4.0
Fighting       | |  3.7
Dodging        | |  0.2
Shields        | |  3.8

Action                   |  1- 3 |  4- 6 || total
-------------------------+-------+-------++-------
Melee: War axe           |   123 |    11 ||   134
  Use: Scroll            |     5 |       ||     5
Armor: Scale mail        |    71 |       ||    71
       Chain mail        |    31 |    31 ||    62
Dodge: Dodged            |    77 |    22 ||    99
Block: Buckler           |    21 |     8 ||    29

Table legend: (Time is in decaauts)
 A = Elapsed time spent in this place.
 B = Non-inter-level travel time spent in this place.
 C = Inter-level travel time spent in this place.
 D = Time resting spent in this place.
 E = Time spent auto-exploring this place.
 F = Levels seen in this place.
 G = Mean time per level.
                   A        B        C        D        E       F      G
               +--------+--------+--------+--------+--------+-----+--------+
         Total |   1800 |   1784 |     16 |      0 |   1373 |   3 |  600.0 |
       Dungeon |   1800 |   1784 |     16 |      0 |   1373 |   3 |  600.0 |
               +--------+--------+--------+--------+--------+-----+--------+

Top non-repeatable levels by time:
     D:1: 887 daAuts
     D:2: 745 daAuts
     D:3: 167 daAuts
